 Dungeon Crawl Stone Soup version 0.32-a0-999-gfa1cc04b1d (webtiles) character file.

Game seed: 16673622310216597793

1628 BubbleThief the Covert (level 8, 0/41 HPs)
             Began as a Vampire Enchanter on Apr 26, 2024.
             Slain by a wight
             ... wielding a +0 great sword
              (15 damage)
             ... on level 6 of the Dungeon.
             The game lasted 00:16:44 (3845 turns).

BubbleThief the Covert (Vampire Enchanter)          Turns: 3845, Time: 00:16:45

Health: 0/41       AC:  4    Str:  7    XL:     8   Next: 65%
Magic:  16/20      EV: 11    Int: 17    God:
Gold:   235        SH:  0    Dex: 17    Spells: 6/11 levels left

rFire   . . .        i - +2 dagger (speed)
rCold   + + .        (no shield)
rNeg    + + +        b - +0 robe
rPois   ∞            h - +0 helmet
rElec   .            (no cloak)
rCorr   .            v - +0 pair of gloves
SInv    +            (no boots)
Will    .....        (no amulet)
Stlth   +++++++      w - ring of magical power
HPRegen 0.00/turn    (no ring)
MPRegen 0.17/turn

%: no passive effects
@: bloodless, inhibited regen
A: bloodless, fangs 3, see invisible, vampiric 2
a: Bat Form, Revivify


You were on level 6 of the Dungeon.
You visited 1 branch of the dungeon, and saw 6 of its levels.

You collected 235 gold pieces.

Inventory:

Hand Weapons
 i - a +2 dagger of speed (weapon)
 t - a +2 dagger of holy wrath
 x - a +0 rapier
 y - a +4 short sword
Armour
 b - a +0 robe (worn)
 h - a +0 helmet (worn)
 v - a +0 pair of gloves (worn)
Jewellery
 w - a ring of magical power (left hand)
Wands
 m - a wand of flame (14)
 n - a wand of iceblast (17)
 z - a wand of polymorph (9)
Scrolls
 a - a scroll of fear {unknown}
 d - 3 scrolls of revelation {unknown}
 j - 2 scrolls of identify {unknown}
 l - a scroll of silence {unknown}
 o - a scroll of fog {unknown}
 q - 2 scrolls of poison {unknown}
 s - a scroll of immolation {unknown}
 u - a scroll of teleportation {unknown}
Potions
 c - 2 potions of invisibility
 e - a potion of degeneration {unknown}
 f - 3 potions of heal wounds {unknown}
 g - 2 potions of enlightenment {unknown}
 k - a potion of attraction {unknown}
 p - a potion of lignification {unknown}
 r - 2 potions of curing {unknown}


   Skills:
 + Level 5.3 Short Blades
 - Level 2.1 Dodging
 * Level 11.6 Stealth
 - Level 2.0 Spellcasting
 * Level 10.8 Hexes


You had 6 spell levels left.
You knew the following spells:

 Your Spells              Type           Power      Damage    Failure   Level
a - Ensorcelled Hibernat  Hex/Ice        40%        N/A       3%          2
b - Confusing Touch       Hex            38%        N/A       1%          3

Your spell library contained the following spells:

 Spells                   Type           Power      Damage    Failure   Level
 Tukima's Dance           Hex            38%        N/A       1%          3
 Dazzling Flash           Conj/Hex       40%        N/A       6%          3
 Mephitic Cloud           Conj/Alch/Air  1%         N/A       50%         3
 Silence                  Hex/Air        10%        N/A       50%         5


Dungeon Overview and Level Annotations

Branches:
Dungeon (6/15)
 Temple: D:4-7

Altars:
Gozag
Nemelex Xobeh
Qazlal
Ru

Annotations:
D:4 2 runed translucent doors, jasper's ghost, amateur DsHs


Innate Abilities, Weirdness & Mutations

You do not regenerate when monsters are visible.
You are frail without blood (-20% HP).
You can heal yourself when you bite living creatures.
You are immune to poison.
You have razor-sharp teeth.
You have supernaturally acute eyesight. (SInv)
You are afflicted with vampirism and can become a bat while bloodless.


Message History

Unknown command.
Unknown command.
The helpless gnoll fails to defend itself.
You bite the gnoll, and draw its blood!
You feel better.
You perforate the gnoll like a sieve!!!
You kill the gnoll!
Unknown command.
Casting: Ensorcelled Hibernation (safe; 3% risk of failure)
Confirm with . or Enter, or press ? or * to list all spells.
Your hands begin to glow red.
The wight closely misses you.
You barely miss the wight. You bite the wight, but do no damage.
Unknown command.
You closely miss the wight. Your bite misses the wight.
The wight hits you with a +0 great sword!
Unknown command.
You hit the wight but do no damage.
The wight appears confused.
Unknown command.
You hit the wight.
The wight is lightly damaged.
The wight misses you.
Unknown command.
You hit the wight but do no damage.
The wight is lightly damaged.
You hit the wight but do no damage. You bite the wight.
The wight is heavily damaged.
The wight barely misses you.
You hit the wight.
The wight is heavily damaged.
Unknown command.
You hit the wight.
The wight is severely damaged.
The wight hits you with a +0 great sword!
Unknown command.
You hit the wight. You bite the wight, but do no damage.
The wight is almost destroyed.
Unknown command.
You hit the wight. Your bite misses the wight.
The wight is almost destroyed.
The wight hits you with a +0 great sword!
You die...

#.#.######### #.# .
#.#....g.)z)# #.#.#
#.###..####.###.#.#
#.#....# #.##....#
..#....# #.z...##
####..## ###....#
..o......# #..#.#
....#.#....#####z#
............ #@#
o..##....... #<#
... ........ #.#
.o. ..s...# #.# ...
...### #.# #.# ...
#.# #<#


You could see a wight (confused).

Vanquished Creatures
  Grinder (D:3)
  Sigmund (D:5)
  Eustachio (D:5)
  A wyvern (D:6)
  Edmund (D:5)
  An ice beast (D:5)
  A phantom (D:5)
  Blork the orc (D:5)
  A gnoll sergeant (D:5)
  2 scorpions (D:5)
  A hound (D:5)
  2 sleepcaps (D:5)
  Ijyb (D:5)
  Natasha (twice) (D:4)
  An iguana (D:5)
  6 orc wizards
  Robin (D:4)
  5 gnolls
  5 adders
  2 dart slugs (D:5)
  8 orcs
  An endoplasm (D:1)
  4 giant cockroaches
  13 goblins
  11 hobgoblins
  A quokka (D:1)
  2 ball pythons (D:2)
  4 bats (D:1)
  A frilled lizard (D:1)
  2 kobolds
  3 rats (D:2)
87 creatures vanquished.

Notes
Turn   | Place    | Note
-------+----------+-------------------------------------------
     0 | D:1      | BubbleThief the Vampire Enchanter began the quest for the
                  | Orb.
     0 | D:1      | Reached XP level 1. HP: 13/13 MP: 3/3
   137 | D:1      | Reached XP level 2. HP: 19/19 MP: 5/5
   346 | D:1      | Reached skill level 5 in Stealth
   438 | D:1      | Reached skill level 5 in Hexes
   813 | D:2      | Learned a level 2 spell: Ensorcelled Hibernation
   880 | D:2      | Gained mutation: You are afflicted with vampirism and can
                  | become a bat while bloodless. [Vampire growth]
   880 | D:2      | Reached XP level 3. HP: 24/24 MP: 6/6
   884 | D:2      | Learned a level 3 spell: Confusing Touch
   888 | D:2      | Found a faded altar of an unknown god.
  1293 | D:3      | Noticed Grinder
  1303 | D:3      | Killed Grinder
  1304 | D:3      | Reached skill level 7 in Stealth
  1304 | D:3      | Reached XP level 4. HP: 23/24 MP: 3/7
  1304 | D:3      | Reached XP level 5. HP: 27/28 MP: 3/8
  1592 | D:4      | Found a runed translucent door.
  1593 | D:4      | Found a sacrificial altar of Ru.
  1686 | D:4      | Found a sparkling altar of Nemelex Xobeh.
  1687 | D:4      | Found a runed translucent door.
  1768 | D:4      | Reached XP level 6. HP: 22/32 MP: 9/9
  1853 | D:4      | Noticed Robin
  1933 | D:4      | Noticed Natasha
  1940 | D:4      | Killed Natasha
  1992 | D:4      | Killed Robin
  2090 | D:4      | Noticed jasper's ghost (amateur DsHs)
  2093 | D:4      | Noticed Natasha
  2346 | D:4      | Killed Natasha
  2571 | D:5      | Entered Level 5 of the Dungeon
  2582 | D:5      | Noticed Ijyb
  2584 | D:5      | Killed Ijyb
  2585 | D:5      | Reached skill level 8 in Stealth
  2663 | D:5      | Found an opulent altar of Gozag.
  2745 | D:5      | Noticed Edmund
  2752 | D:5      | Noticed Sigmund
  2755 | D:5      | Killed Sigmund
  2756 | D:5      | Reached XP level 7. HP: 36/36 MP: 10/10
  2781 | D:5      | Killed Edmund
  2782 | D:5      | Reached skill level 9 in Stealth
  3049 | D:5      | Noticed Eustachio
  3095 | D:5      | Killed Eustachio
  3156 | D:5      | Reached skill level 10 in Stealth
  3156 | D:5      | Reached XP level 8. HP: 41/41 MP: 11/11
  3192 | D:5      | Noticed Blork the orc
  3210 | D:5      | Killed Blork the orc
  3319 | D:5      | Reached skill level 10 in Hexes
  3376 | D:5      | Found a stormy altar of Qazlal.
  3378 | D:5      | Noticed an air elemental
  3451 | D:5      | Reached skill level 11 in Stealth
  3461 | D:5      | Reached skill level 5 in Short Blades
  3845 | D:6      | Slain by a wight

Illustrated notes

Levels and vault maps discovered:
D:1:      psy_arrival_conway, layout_basic, kennysheep_pointless_box,
          minmay_tree_intersection
D:2:      layout_loops_ring, shapermc_ecumenical_altar_mp_urbaneastern
D:3:      layout_loops_ring, serial_shops, shop, minmay_misc_feat_tower,
          uniq_grinder
D:4:      layout_loops_ring, mainiacjoe_overflow_tiny_flanked,
          mainiacjoe_overflow_concentric_impassable, ebering_ghost_sewer_f,
          uniq_natasha, uniq_robin
D:5:      layout_basic, nicolae_gozag_seed_capital,
          nicolae_qazlal_style_of_elements, nrook_campfire,
          sigmund_edmund_badplayer, uniq_blork_the_orc, uniq_eustachio,
          uniq_ijyb
D:6:      minmay_flawed_box, layout_basic, serial_shops, nicolae_shop_drivethru,
          uniq_duvessa

Skill      XL: |  1  2  3  4  5  6  7  8 |
---------------+-------------------------+-----
Stealth        | 5 7 8 10 11 | 11.6
Hexes          | 5 6 7 8 9 10 | 10.8
Short Blades   | 2 3 4 5 |  5.3
Dodging        | |  2.1
Spellcasting   | |  2.0

Action                     |  1- 3 |  4- 6 |  7- 9 || total
---------------------------+-------+-------+-------++-------
  Melee: Dagger            |    68 |    72 |    84 ||   224
         Bite              |     6 |     7 |     8 ||    21
   Cast: Confusing Touch   |     1 |     1 |     3 ||     5
         Ensorcelled Hiber |       |     7 |    19 ||    26
Ability: Exsanguinate      |     1 |       |       ||     1
  Evoke: Wand              |       |       |     2 ||     2
   Stab: Sleeping          |    12 |    14 |    24 ||    50
         Confused          |     1 |     1 |     1 ||     3
         Distracted        |       |       |     2 ||     2
 Armour: Robe              |    30 |    17 |    48 ||    95
  Dodge: Dodged            |    28 |    22 |    36 ||    86

Table legend: (Time is in decaauts)
 A = Elapsed time spent in this place.
 B = Non-inter-level travel time spent in this place.
 C = Inter-level travel time spent in this place.
 D = Time resting spent in this place.
 E = Time spent auto-exploring this place.
 F = Levels seen in this place.
 G = Mean time per level.
                   A        B        C        D        E       F      G
               +--------+--------+--------+--------+--------+-----+--------+
         Total |   3770 |   3656 |    114 |      3 |   2799 |   6 |  628.3 |
       Dungeon |   3770 |   3656 |    114 |      3 |   2799 |   6 |  628.3 |
               +--------+--------+--------+--------+--------+-----+--------+

Top non-repeatable levels by time:
     D:5: 1101 daAuts
     D:4: 951 daAuts
     D:2: 600 daAuts
     D:1: 512 daAuts
     D:3: 472 daAuts
     D:6: 132 daAuts
